 Dungeon Crawl Stone Soup version 0.31-a0-263-ge8cad7f256 (webtiles) character file.

Game seed: 15544627382565303776

61 qw the Shooter (level 3, -5/29 HPs)
             Began as a Minotaur Hexslinger on July 13, 2023.
             Slain by a gnoll
             ... wielding a +0 halberd
              (8 damage)
             ... on level 2 of the Dungeon.
             The game lasted 00:00:27 (932 turns).

qw the Shooter (Minotaur Hexslinger)                 Turns: 932, Time: 00:00:28

Health: -5/29      AC:  6    Str: 12    XL:     3   Next: 83%
Magic:  3/3        EV: 11    Int: 10    God:
Gold:   50         SH:  0    Dex: 14    Spells: 3/4 levels left

rFire   . . .        Y - +2 sling
rCold   . . .        (no shield)
rNeg    . . .        e - +0 ring mail
rPois   .            (helmet restricted)
rElec   .            (no cloak)
rCorr   .            j - +0 pair of gloves
SInv    .            (no boots)
Will    .....        (no amulet)
Stlth   +            (no ring)
HPRegen 0.24/turn    (no ring)
MPRegen 0.08/turn

%: no passive effects
@: slowed, very slow
A: horns 2, retaliatory headbutt
a: no special abilities


You were on level 2 of the Dungeon.
You visited 1 branch of the dungeon, and saw 2 of its levels.

You collected 50 gold pieces.


Innate Abilities, Weirdness & Mutations

You have a pair of horns on your head.
You reflexively headbutt those who attack you in melee.


   Skills:
 - Level 2.0 Fighting
 - Level 4.3 Ranged Weapons
 + Level 0.1 Armour
 - Level 2.1 Dodging
 - Level 1.0 Spellcasting
 - Level 2.0 Hexes


You had 3 spell levels left.
You knew the following spells:

 Your Spells              Type           Power      Damage    Failure   Level
a - Slow                  Hex            16%        N/A       34%         1

Your spell library contained the following spells:

 Spells                   Type           Power      Damage    Failure   Level
 Inner Flame              Hex/Fire       2%         N/A       83%         3
 Portal Projectile        Hex/Tloc       4%         N/A       83%         3
 Cause Fear               Hex            2%         N/A       98%         4

Inventory:

Hand Weapons
 Y - a +2 sling (weapon)
Armour
 e - a +0 ring mail (worn)
 j - a +0 pair of gloves (worn)
Jewellery
 m - a ring of ice
Scrolls
 b - a scroll of revelation {unknown}
Potions
 a - a potion of enlightenment {unknown}
 f - a potion of lignification {unknown}
 g - a potion of ambrosia {unknown}
 h - a potion of cancellation {unknown}
 k - a potion of attraction {unknown}
 l - a potion of haste

Dungeon Overview and Level Annotations

Branches:
Dungeon (2/15)

Altars:

Shops:
D:1 =

Annotations:
D:2 Natasha


Message History

Jessica very coldly says, "I hate your company."
You shoot a sling bullet. The sling bullet hits Jessica.
You kill Jessica!
Your Ranged Weapons skill increases to level 4!
A ball python comes into view.
The ball python hisses angrily.
You hear a shout! x2
A gnoll comes into view. It is wielding a +0 spear.
A rat comes into view.
You shoot a sling bullet. The sling bullet hits the ball python!
You kill the ball python!
Natasha, Servant of Life and Death comes into view.
You shoot a sling bullet.
Natasha hisses angrily.
The sling bullet hits the rat.
You kill the rat!
You hear a shout!
A gnoll comes into view. It is wielding a +0 flail.
A gnoll comes into view. It is wielding a +0 halberd.
The gnoll shouts!
You shoot a sling bullet.
The sling bullet barely misses the gnoll.
Natasha wildly gestures.
Natasha shimmers violently.
You shoot a sling bullet. The sling bullet hits Natasha.
Natasha is moderately wounded.
Natasha closely misses you.
You shoot a sling bullet. The sling bullet misses Natasha.
The gnoll barely misses you. Natasha casts a spell at you.
You feel yourself slow down.
You shoot a sling bullet. The sling bullet misses Natasha.
The gnoll hits you from afar with a +0 halberd!
Natasha claws you.
The gnoll hits you from afar with a +0 halberd!
Natasha claws you but does no damage.
You shoot a sling bullet. The sling bullet barely misses Natasha.
The gnoll hits you from afar with a +0 halberd.
Natasha barely misses you.
The gnoll hits you from afar with a +0 halberd!
You die...

. .# .# .# ..# .# .#
%... .# .# ..... .#
##.# #######gg...# [#
#.. #....@hg..# .# #.#
#.#####...# .#
##.#####............ .#
##.#.##..........<.#.
.###.###.#.#.>####.##.#
....## ##..#..# #
.###.###.###..#
#####.#.####).#
........ยค.....#


You could see Natasha and 3 gnolls.

Vanquished Creatures
  Jessica (D:2)
  An endoplasm (D:1)
  A giant cockroach (D:1)
  7 goblins (D:1)
  4 hobgoblins (D:1)
  6 kobolds (D:1)
  5 ball pythons
  3 bats (D:1)
  4 frilled lizards (D:1)
  3 rats
35 creatures vanquished.

Notes
Turn   | Place    | Note
-------+----------+-------------------------------------------
     0 | D:1      | qw the Minotaur Hexslinger began the quest for the Orb.
     0 | D:1      | Reached XP level 1. HP: 16/16 MP: 1/1
     0 | D:1      | 0 ||| qw: Version: 0.3-a-52-g30416fa
     0 | D:1      | 0 ||| qw: Game counter: 7361
     0 | D:1      | 0 ||| qw: Melee chars always use a shield: true
     0 | D:1      | 0 ||| qw: God list: Okawaru
     0 | D:1      | 0 ||| qw: Allow faded altars: false
     0 | D:1      | 0 ||| qw: Do Orc after clearing Dungeon:15 true
     0 | D:1      | 0 ||| qw: Do second Lair branch before Depths: true
     0 | D:1      | 0 ||| qw: Lair rune preference: random
     0 | D:1      | 0 ||| qw: Goals: Normal
     0 | D:1      | 0 ||| PLANNING D:1-11
    68 | D:1      | 68 ||| FLEEEEING.
    69 | D:1      | 69 ||| FLEEEEING.
    70 | D:1      | 70 ||| FLEEEEING.
    71 | D:1      | 71 ||| FLEEEEING.
    72 | D:1      | 72 ||| FLEEEEING.
    73 | D:1      | 73 ||| FLEEEEING.
    74 | D:1      | 74 ||| FLEEEEING.
    75 | D:1      | 75 ||| FLEEEEING.
    76 | D:1      | 76 ||| FLEEEEING.
    77 | D:1      | 77 ||| FLEEEEING.
    78 | D:1      | 78 ||| FLEEEEING.
    80 | D:1      | 80 ||| FLEEEEING.
    81 | D:1      | 81 ||| FLEEEEING.
    82 | D:1      | 82 ||| FLEEEEING.
    84 | D:1      | 84 ||| FLEEEEING.
    85 | D:1      | 85 ||| FLEEEEING.
    86 | D:1      | 86 ||| FLEEEEING.
    87 | D:1      | 87 ||| FLEEEEING.
    88 | D:1      | 88 ||| FLEEEEING.
    89 | D:1      | 89 ||| FLEEEEING.
    91 | D:1      | Reached skill level 3 in Ranged Weapons
    91 | D:1      | Reached XP level 2. HP: 20/23 MP: 2/2
   157 | D:1      | Found Ehamoj's Jewellery Emporium.
   165 | D:1      | 165 ||| SHOPLISTING +4 ring of slaying (1014 gold, have
                  | 10).
   165 | D:1      | 165 ||| SHOPLISTING amulet of regeneration (390 gold, have
                  | 10).
   165 | D:1      | 165 ||| SHOPLISTING amulet of the acrobat (390 gold, have
                  | 10).
   165 | D:1      | 165 ||| SHOPLISTING ring of fire (325 gold, have 10).
   165 | D:1      | 165 ||| SHOPLISTING ring of protection from fire (325 gold,
                  | have 10).
   296 | D:1      | Found a faded altar of an unknown god.
   607 | D:1      | Reached XP level 3. HP: 29/29 MP: 3/3
   825 | D:1      | 825 ||| UPGRADING to +0 ring mail.
   835 | D:1      | 835 ||| DROPPING +0 robe.
   836 | D:1      | 836 ||| UPGRADING to +0 pair of gloves.
   841 | D:1      | 841 ||| READING scroll labelled OKHLUXTIUFO.
   842 | D:1      | 842 ||| READING scroll labelled QIDISO MOAX.
   843 | D:1      | 843 ||| READING scroll labelled PUESHR KUALE.
   846 | D:1      | 846 ||| DRINKING 2 dark potions.
   847 | D:1      | 847 ||| DROPPING scroll of poison.
   910 | D:2      | Noticed Jessica
   921 | D:2      | Killed Jessica
   922 | D:2      | Reached skill level 4 in Ranged Weapons
   926 | D:2      | Noticed Natasha
   932 | D:2      | HP: 3/29 [gnoll/+0 halberd (5)]
   932 | D:2      | Slain by a gnoll

Levels and vault maps discovered:
D:1:      wander_arrival_chamber, layout_basic,
          hellmonk_ecumenical_altar_leap_of_faith, serial_shops, shop
D:2:      layout_loops_ring, chequers_serial_rivers_large_b, uniq_jessica,
          uniq_natasha

Skill      XL: |  1  2  3 |
---------------+----------+-----
Ranged Weapons | 3 4 |  4.3
Fighting       | 2 |  2.0
Armour         | |  0.1
Dodging        | |  2.1
Spellcasting   | |  1.0
Hexes          | |  2.0

Action                     || total
---------------------------++-------
   Fire: Sling             ||    98
    Use: Scroll            ||     3
         Potion            ||     1
 Armour: Robe              ||    13
         Ring mail         ||     1
  Dodge: Dodged            ||    34

Table legend:
 A = Non-vault XP
 B = Vault XP
 C = Vault XP percentage of total XP
 D = Non-vault monster count
 E = Vault monster count
 F = Vault count percentage of total count
                 A         B        C        D         E       F
            +---------+---------+-------+---------+---------+-------
      Total |      51 |      37 |  42.0 |      34 |       1 |   2.9
            +---------+---------+-------+---------+---------+-------
        D:1 |      49 |       0 |   0.0 |      32 |       0 |   0.0
        D:2 |       2 |      37 |  94.9 |       2 |       1 |  33.3
            +---------+---------+-------+---------+---------+-------
